BloodHound, lawful female dwarven Valkyrie ----------# |...o....|# |.........# ---------- |........|####.........| |........|### |........| ####.........| # |........| # --.-%----- ##-........| ### ###% |........| # ### ------.--- ### ### # ## # # # # ----------- ### ## # ### |.........| -.----.----- # |.........| |..........| ## ##-.........| |..........| ---.--- # |......<..| |.....(....| |.....| ### ----------- |..........| |.....| # ------------ |.#....#### ------- BloodHound the Skirmisher Experience level: 4 Strength: 18/03 Dexterity: 13 Constitution: 15 Intelligence: 9 Wisdom: 7 Charisma: 10 Health: 0(42) Energy: 4(4) Def: 5 Gold: 535 Moves: 2893 Dungeon seed: KVuSWrasMKVXdVSe Game ID: BloodHound_1502170832 Your Inventory: Coins $ - 535 gold pieces Weapons a - a corroded +1 long sword (weapon in hand) b - a +0 dagger Armor e - an uncursed +3 small shield (being worn) n - an uncursed thoroughly rusty +0 orcish ring mail (being worn) q - an uncursed +0 orcish helm (being worn) Comestibles h - 2 uncursed food rations Scrolls j - an uncursed scroll of identify k - a cursed scroll of identify p - an uncursed scroll of enchant weapon Tools g - an uncursed mirror Spells and supernatural/magical abilities: Name Level Category Fail Memory W - pray for help -- divine ? -- Your skills at the end: Fighting Skills Weapon Skills dagger [Basic] long sword [Basic] Spellcasting Skills Final Attributes: You were piously aligned. You were cold resistant. You had infravision. You were invisible. You were stealthy. You were lucky. You are dead. Vanquished creatures: a leprechaun a rock mole 4 hill orcs a giant bat a werejackal an iguana an acid blob a large kobold a brown mold a yellow mold a green mold a gnome zombie 2 geckos 8 jackals 3 goblins a sewer rat 5 grid bugs a bat 4 lichens 2 kobold zombies 5 newts 46 creatures vanquished. Voluntary challenges: You had followed a strict vegan diet until turn 2859. You had followed a strict vegetarian diet until turn 2859. You were an atheist. You used a wielded weapon 42 times, starting on turn 30. You read items or engraved 1 time, starting on turn 2891. You never genocided any monsters. You never polymorphed an object. You never changed form. You used no wishes. You never split a pudding. You wrote Elbereth's name 1 time, starting on turn 2891. You never violated your personal moral code. Dungeon overview: The Dungeons of Doom: levels 1 to 5 Level 1 a long staircase Level 2 some fountains Level 3 a general store a long staircase Level 4 Level 5 <- You were here a sink History has recorded: On T:1 you entered the Dungeons of Doom to retrieve the Amulet of Yendor! On T:539 you advanced to experience level 2. On T:574 you reached level 2 of The Dungeons of Doom. On T:825 you advanced to experience level 3. On T:996 you reached level 3 of The Dungeons of Doom. On T:1521 you reached level 4 of The Dungeons of Doom. On T:2506 you reached level 5 of The Dungeons of Doom. On T:2838 you advanced to experience level 4. Score breakdown: Gold: 535 ( 9283 points) Experience: 4 levels ( 9649 points) Exploration: 5 levels ( 10.42%) ( 8751 points) Discoveries: 3 items ( 1.22%) ( 3312 points) Valuables value: (no points given unless you survive) Artifact value: 0 ( 0 points) Variety of kills: 21 monsters ( 5.51%) ( 7043 points) Turncount: 2893 turns ( -546 points) Survival: died (score multiplied by 80%) Total score: 29993 Latest messages: The hill orc thrusts his orcish dagger. The hill orc hits! The hill orc wields an orcish dagger! You hit the hill orc. The hill orc thrusts his orcish dagger. The hill orc hits! You kill the hill orc! You hit the hill orc! You kill the hill orc! The hill orc picks up an orcish helm. The hill orc puts on an orcish helm. You hit the hill orc! The hill orc hits! You miss the hill orc. The hill orc hits! You kill the hill orc! You write in the dust with your fingers. Gee! All of a sudden, you can't see yourself. This burns like acid! You die... Final status: Farvel BloodHound the Valkyrie, killed by a potion of unholy water... You died in The Dungeons of Doom on dungeon level 5 with 29993 points, and 535 pieces of gold, after 2893 moves. You were level 4 with a maximum of 42 hit points when you died.